 Dungeon Crawl Stone Soup version 0.19-a0-1834-g6b7851e (webtiles) character file.

168 hurricos the Archer (level 5, -1/34 HPs)
             Began as a High Elf Hunter on Oct 9, 2016.
             Was an Initiate of Dithmenos.
             Slain by a river rat (4 damage)
             ... in a sewer.
             The game lasted 00:02:32 (2355 turns).

hurricos the Archer (High Elf Hunter)               Turns: 2355, Time: 00:02:33

Health: -1/34      AC:  3    Str: 12    XL:     5   Next: 24%
Magic:  6/6        EV: 12    Int: 19    God:    Dithmenos [......]
Gold:   202        SH:  0    Dex: 16    Spells: 0 memorised, 4 levels left

rFire  . . .     SeeInvis .     a - +1 shortbow
rCold  . . .     Gourm    .     c - +0 leather armour
rNeg   . . .     Faith    .     (shield currently unavailable)
rPois  .         Spirit   .     (no helmet)
rElec  .         Dismiss  .     (no cloak)
rCorr  .         Reflect  .     (no gloves)
MR     .....     Harm     .     (no boots)
Stlth  ++........               (no amulet)
                                (no ring)
                                (no ring)

@: brilliant
A: no striking features
a: Renounce Religion


You were in a sewer.
You worshipped Dithmenos.
Dithmenos was noncommittal.
You were not hungry.

You visited 1 branch of the dungeon, and saw 3 of its levels.
You also visited: Sewer.

You collected 202 gold pieces.

Inventory:

Hand Weapons
 a - a +1 shortbow (weapon)
 b - a +0 short sword
Missiles
 d - 26 arrows (quivered)
Armour
 c - a +0 leather armour (worn)
Jewellery
 h - an uncursed ring of protection from cold {unknown}
Wands
 q - a wand of teleportation (5/9)
Scrolls
 e - 4 scrolls of identify {unknown}
 g - a scroll of recharging {unknown}
 l - 2 scrolls of noise {unknown}
 m - 3 scrolls of remove curse {unknown}
 r - a scroll of teleportation {unknown}
 s - 3 scrolls of random uselessness {unknown}
Potions
 j - a potion of cancellation {unknown}
 k - a potion of heal wounds {unknown}
 n - 2 potions of brilliance
 o - a potion of agility {unknown}
Comestibles
 f - 2 bread rations
 p - 2 fruits


   Skills:
 - Level 2.0 Fighting
 - Level 0.5 Short Blades
 + Level 8.6 Bows
 - Level 2.1 Dodging
 - Level 1.1 Stealth


You had 4 spell levels left.
You didn't know any spells.

Dungeon Overview and Level Annotations

Branches:
Dungeon (3/15)

Altars:
Dithmenos
Uskayaw


Message History

Firing (i - inventory):
d - 28 arrows (quivered)
Press: ? - help, Shift-Dir - straight line, f/p - river rat
Aim: a river rat You shoot an arrow.
The arrow completely misses the river rat.
The arrow hits the river rat.
The river rat is severely wounded.
The river rat twitches its whiskers.
The river rat misses you.
Firing (i - inventory):
d - 27 arrows (quivered)
Press: ? - help, Shift-Dir - straight line, f/p - river rat
Aim: a river rat You shoot an arrow.
The arrow closely misses the river rat.
The arrow barely misses the river rat.
The river rat bites you!
* * * LOW HITPOINT WARNING * * *
You are too injured to fight recklessly!
It was a potion of brilliance.
You feel clever all of a sudden. The river rat bites you.
You die...

##### ##### #@rr## ***#* ****
##...######rr##**#..∩* **
**#..###......#####..##...#*****,
*,..............##.......#****,,,
*,.................r......#*,,,,,
+,...............l.r........,,,,,
*≈≈≈..≈≈≈≈.......rr.........,,,,≈
*≈≈≈≈≈≈≈≈≈..≈.†.......≈.≈..≈,≈,,≈
*≈≈≈≈≈≈≈≈≈≈≈.........≈≈≈≈≈≈≈≈≈≈≈≈


You could see 2 river rats and 2 rats.

Vanquished Creatures
  3 adders
  6 river rats (Sewer)
  2 worms (D:2)
  6 leopard geckos
  An orc (D:3)
  4 bats
  8 giant cockroaches
  3 goblins
  4 hobgoblins
  4 jackals
  6 ball pythons
  11 frilled lizards
  3 kobolds
  20 rats
81 creatures vanquished.

Notes
Turn   | Place    | Note
-------+----------+-------------------------------------------
     0 | D:1      | hurricos the High Elf Hunter began the quest for the Orb.
     0 | D:1      | Reached XP level 1. HP: 14/14 MP: 2/2
   255 | D:1      | Reached XP level 2. HP: 19/19 MP: 3/3
   370 | D:1      | Reached skill level 6 in Bows
   730 | D:2      | Reached XP level 3. HP: 16/24 MP: 4/4
   742 | D:2      | Found a shadowy altar of Dithmenos.
  1028 | D:2      | Found a hide-covered altar of Uskayaw.
  1047 | D:2      | Reached skill level 7 in Bows
  1145 | D:2      | Became a worshipper of Dithmenos the Shadowed
  1522 | D:3      | Reached XP level 4. HP: 29/29 MP: 5/5
  1718 | D:3      | Found a glowing drain.
  1816 | Sewer    | Entered a sewer
  1960 | Sewer    | Reached skill level 8 in Bows
  2146 | Sewer    | Reached XP level 5. HP: 15/34 MP: 6/6
  2355 | Sewer    | Slain by a river rat

Vault maps used:
D:1:      saegor_arrival_simple_a
D:2:      eat_drink_and_be_merry_uskayaw, grunt_dithmenos_smoke_and_mirrors,
          minmay_lizard_pond
D:3:      first_bread, gup_sewer_entry_pipe
Sewer:    sewer_minmay_treatment

Skill      XL: |  1  2  3  4 |
---------------+-------------+-----
Bows           | 6 7 8 |  8.6
Fighting       | |  2.0
Short Blades   | |  0.5
Dodging        | |  2.1
Stealth        | |  1.1

Action                   |  1- 3 |  4- 6 || total
-------------------------+-------+-------++-------
Melee: Short sword       |    19 |    45 ||    64
 Fire: Shortbow          |    78 |    96 ||   174
  Use: Scroll            |       |     1 ||     1
       Potion            |       |     1 ||     1
 Stab: Distracted        |       |     1 ||     1
  Eat: Bread ration      |     1 |       ||     1
Armor: Leather armour    |     2 |    26 ||    28
Dodge: Dodged            |    16 |    80 ||    96
